 Dungeon Crawl Stone Soup version 0.25-a0-545-ge4db218afc (webtiles) character file.

Game seed: 1402122407068251526, levelgen mode: deterministic

63 Geomchi the Insei (level 4, -2/34 HPs)
             Began as a Merfolk Transmuter on Feb 20, 2020.
             Killed by divine providence
             ... invoked by an orc priest
              (12 damage)
             ... on level 3 of the Dungeon.
             The game lasted 00:02:53 (2590 turns).

Geomchi the Insei (Merfolk Transmuter)              Turns: 2590, Time: 00:02:53

Health: -2/34      AC:  2    Str: 10    XL:     4   Next: 9%
Magic:  5/7        EV: 21    Int: 13    God:
Gold:   124        SH:  0    Dex: 19    Spells: 3/7 levels left

rFire    . . .     SeeInvis .     - Unarmed
rCold    . . .     Gourm    .   (shield currently unavailable)
rNeg     . . .     Faith    .   (armour currently unavailable)
rPois    x         Spirit   .   (helmet currently unavailable)
rElec    .         Reflect  .   (cloak currently unavailable)
rCorr    .         Harm     .   (gloves currently unavailable)
MR       .....                  (boots currently unavailable)
Stlth    ++........             (no amulet)
HPRegen  0.11/turn              (no ring)
MPRegen  0.10/turn              (no ring)

@: spider-form (expiring)
A: tiny, (change form in water), (swift swim), (stealthy swim)
a: End Transformation


You were on level 3 of the Dungeon.
You were hungry.
You were a venomous arachnid creature.
You visited 1 branch of the dungeon, and saw 3 of its levels.

You collected 124 gold pieces.

Inventory:

Missiles
 a - 68 arrows
Armour
 b - a +0 robe (melded)
Scrolls
 c - a scroll of teleportation {unknown}
 h - a scroll of remove curse
 l - a scroll of amnesia {unknown}
Potions
 e - 3 potions of curing
 f - 2 potions of flight {unknown}
 g - a potion of might {unknown}
 i - a potion of stabbing {unknown}
 j - a potion of heal wounds {unknown}
Comestibles
 d - 7 rations
 k - 3 chunks of flesh {@w0}


   Skills:
 + Level 2.5 Fighting
 - Level 2.6 Dodging
 + Level 4.1 Unarmed Combat
 - Level 2.0 Spellcasting
 * Level 3.9 Transmutations


You had 3 spell levels left.
You knew the following spells:

 Your Spells              Type           Power        Failure   Level  Hunger
a - Beastly Appendage     Tmut           ##....       14%         1    ##.....
b - Spider Form           Tmut/Pois      #.........   56%         3    ####...

Your spell library contained the following spells:

 Spells                   Type           Power        Failure   Level  Hunger
 Sticks to Snakes         Tmut           ##......     21%         2    ###....
 Ice Form                 Ice/Tmut       #.......     89%         4    #####..
 Blade Hands              Tmut           ##........   92%         5    ######.


Dungeon Overview and Level Annotations

Branches:
Dungeon (3/15)

Altars:
Dithmenos
Nemelex Xobeh
Uskayaw
Vehumet


Message History

The orc shouts!
You hit the orc priest.
The orc priest calls down the wrath of Beogh upon you.
Beogh smites you!
You take 7 damage, and have 18/34 hp.
MASSIVE DAMAGE!!
You barely miss the orc priest.
Your transformation is almost over.
The orc priest calls down the wrath of Beogh upon you.
Beogh smites you!
* * * LOW HITPOINT WARNING * * *
You take 8 damage, and have 10/34 hp.
MASSIVE DAMAGE!!
You are too injured to fight recklessly!
You are too injured to fight recklessly!
You hit the orc priest but do no damage.
The orc priest is poisoned.
You hit the orc.
The orc is poisoned.
You hit the orc.
The orc looks as sick as possible!
The orc priest invokes the aid of Beogh against you.
Beogh smites you!
You die...

##.# #..#
#.##.#.# #..#
#.#.....##..#
#..#...#....#
#.......##.#
#......?# .#
#.......# ..
###....## ##.
#..)s# #
####o# #o#
#o# #.# ..#
###


You could see an orc priest and 2 orcs.

Vanquished Creatures
  An ooze (D:1)
  3 worms (D:2)
  3 leopard geckos
  An orc (D:3)
  A giant cockroach (D:2)
  7 goblins
  3 hobgoblins
  5 jackals (D:2)
  7 kobolds
  A quokka (D:2)
  2 bats
  6 frilled lizards
  4 rats
44 creatures vanquished.

Notes
Turn   | Place    | Note
-------+----------+-------------------------------------------
     0 | D:1      | Geomchi the Merfolk Transmuter began the quest for the Orb.
     0 | D:1      | Reached XP level 1. HP: 15/15 MP: 3/3
   214 | D:1      | Reached XP level 2. HP: 11/22 MP: 3/5
  1330 | D:2      | Reached XP level 3. HP: 17/27 MP: 4/6
  1443 | D:1      | Learned a level 3 spell: Spider Form
  1913 | D:2      | Found a hide-covered altar of Uskayaw.
  1997 | D:2      | Reached skill level 4 in Unarmed Combat
  2151 | D:2      | Found a shadowy altar of Dithmenos.
  2170 | D:2      | Found a radiant altar of Vehumet.
  2173 | D:2      | Found a sparkling altar of Nemelex Xobeh.
  2297 | D:2      | Reached XP level 4. HP: 33/34 MP: 5/7
  2590 | D:3      | Killed from afar by an orc priest

Levels and vault maps discovered:
D:1:      mushboom_english_gardens, layout_rooms, st_stairs_12
D:2:      layout_basic, minmay_overflow_temple_star_quad, lemuel_doored_altar
D:3:      layout_loops_ring

Skill      XL: |  1  2  3 |
---------------+----------+-----
Transmutations | 3 |  3.9
Fighting       | 2 |  2.5
Unarmed Combat | 4 |  4.1
Dodging        | |  2.6
Spellcasting   | |  2.0

Action                   |  1- 3 |  4- 6 || total
-------------------------+-------+-------++-------
Melee: Unarmed           |   137 |    16 ||   153
       Headbutt          |    18 |     3 ||    21
 Cast: Beastly Appendage |    22 |     3 ||    25
       Spider Form       |     2 |     1 ||     3
  Use: Scroll            |     3 |       ||     3
 Stab: Sleeping          |     2 |       ||     2
  Eat: Chunk             |     5 |     1 ||     6
Armor: Robe              |    15 |     4 ||    19
       Skin              |     1 |       ||     1
Dodge: Dodged            |    74 |     7 ||    81

Table legend:
 A = Non-vault XP
 B = Vault XP
 C = Vault XP percentage of total XP
 D = Non-vault monster count
 E = Vault monster count
 F = Vault count percentage of total count
                 A         B        C        D         E       F
            +---------+---------+-------+---------+---------+-------
      Total |      87 |       3 |   3.3 |      42 |       2 |   4.5
            +---------+---------+-------+---------+---------+-------
        D:1 |      27 |       3 |  10.0 |      15 |       2 |  11.8
        D:2 |      57 |       0 |   0.0 |      26 |       0 |   0.0
        D:3 |       3 |       0 |   0.0 |       1 |       0 |   0.0
            +---------+---------+-------+---------+---------+-------
